 Dungeon Crawl Stone Soup version 0.23.2-40-g277498a001 (webtiles) character file.

Game seed: 10763578704703949162

513 H0rd4k the Charlatan (level 7, 0/51 HPs)
             Began as a Human Artificer on Oct 10, 2019.
             Killed by nerve-wracking pain
             ... invoked by an orc priest
              (9 damage)
             ... on level 5 of the Dungeon.
             The game lasted 00:09:24 (5912 turns).

H0rd4k the Charlatan (Human Artificer)              Turns: 5912, Time: 00:09:27

Health: 0/51       AC: 11    Str: 15    XL:     7   Next: 43%
Magic:  9/9        EV:  8    Int: 11    God:
Gold:   195        SH:  0    Dex: 15    Spells: 6/6 levels left

rFire    + . .     SeeInvis .   u - +0 falchion
rCold    . . .     Gourm    .   (no shield)
rNeg     . . .     Faith    .   j - +2 chain mail {rF+}
rPois    .         Spirit   .   (no helmet)
rElec    .         Reflect  .   (no cloak)
rCorr    .         Harm     .   (no gloves)
MR       .....                  (no boots)
Stlth    ..........             p - amulet of magic regeneration
HPRegen  0.17/turn              n - +2 ring of dexterity
MPRegen  0.36/turn              (no ring)

@: no status effects
A: no striking features
a: no special abilities


You were on level 5 of the Dungeon.
You were not hungry.

You visited 1 branch of the dungeon, and saw 5 of its levels.

You collected 195 gold pieces.

Inventory:

Hand Weapons
 b - a +1 dagger of speed
 u - a +0 falchion (weapon)
 y - a +1 dagger of holy wrath
Armour
 j - a +2 chain mail of fire resistance (worn)
Jewellery
 n - a +2 ring of dexterity (left hand)
 p - an amulet of magic regeneration (around neck)
Wands
 c - a wand of flame (4)
 d - a wand of enslavement (15)
 e - a wand of random effects (1)
Scrolls
 a - a scroll of teleportation {unknown}
 g - a scroll of noise {unknown}
 m - 5 scrolls of identify {unknown}
 o - 2 scrolls of magic mapping {unknown}
 q - a scroll of enchant armour {unknown}
 r - 3 scrolls of fear {unknown}
 s - a scroll of immolation {unknown}
 t - a scroll of enchant weapon {unknown}
 v - 2 scrolls of remove curse
Potions
 h - 2 potions of haste {unknown}
 i - a potion of heal wounds {unknown}
 k - 3 potions of agility {unknown}
 l - a potion of curing
 w - a potion of experience {unknown}
 x - a potion of degeneration {unknown}
 z - a potion of ambrosia {unknown}
 A - a potion of might
Comestibles
 f - 7 rations


   Skills:
 + Level 2.5 Fighting
 + Level 2.6(3.4) Short Blades
 + Level 3.4(3.9) Long Blades
 + Level 3.4 Armour
 + Level 3.0 Dodging
 + Level 1.7 Stealth
 + Level 3.7 Evocations


You had 6 spell levels left.
You didn't know any spells.
Your spell library contained the following spells:

 Spells                   Type           Power        Failure   Level  Hunger
 Animate Skeleton         Necr           N/A          100%        1    ##.....
 Pain                     Necr           #...         100%        1    ##.....
 Regeneration             Chrm/Necr      #.........   100%        3    ####...
 Vampiric Draining        Necr           #.........   100%        3    ####...
 Animate Dead             Necr           N/A          100%        4    #####..


Dungeon Overview and Level Annotations

Branches:
Dungeon (5/15)
 Temple: D:4-7

Altars:
Dithmenos
Elyvilon
Xom

Annotations:
D:2 exclusion: 2 downstairs


Message History

The hound bites you but does no damage. x2
You hit the orc priest but do no damage.
The orc priest is severely wounded.
The orc priest invokes the aid of Beogh against you.
Pain shoots through your body!
* * * LOW HITPOINT WARNING * * *
The hound bites you but does no damage.
You barely miss the orc priest.
The orc priest is severely wounded.
The hound bites you but does no damage. The orc priest barely misses you.
A water moccasin comes into view.
The hound bites you but does no damage.
Unknown command.
It was a potion of curing.
You feel better.
The water moccasin hisses angrily.
The hound bites you.
* * * LOW HITPOINT WARNING * * *
The orc priest invokes the aid of Beogh against you.
Pain shoots through your body!
You die...

.......####.#
...........#
#..........##
#......(....####
#.........#.....
#.........#..#..
♣####.......[.#..#..
♣ro@h.........#)....
♣$Z#####.......#<#...
♣≈.. #.......###...
♣≈.. #.......# ##†.
≈S. ##.....#####.. ≈.
#..........#. .
#.........†..
###..........
#..(.......


You could see a water moccasin, a hound, an orc priest, a hound zombie and a
quokka.

Vanquished Creatures
  2 hounds (D:4)
  An orc priest (D:5)
  Natasha (thrice) (D:2)
  Terence (D:2)
  2 iguanas
  An orc wizard (D:3)
  A worker ant (D:4)
  4 gnolls (D:2)
  5 adders
  3 oozes
  An adder zombie (D:5)
  A worm (D:3)
  2 dart slugs (D:2)
  3 leopard geckos
  21 orcs
  4 giant cockroaches
  10 goblins
  10 hobgoblins
  2 quokkas
  6 ball pythons
  9 bats
  5 frilled lizards
  A jackal skeleton (D:4)
  5 kobolds
  7 rats
110 creatures vanquished.

Notes
Turn   | Place    | Note
-------+----------+-------------------------------------------
     0 | D:1      | H0rd4k the Human Artificer began the quest for the Orb.
     0 | D:1      | Reached XP level 1. HP: 15/15 MP: 3/3
    92 | D:1      | Reached XP level 2. HP: 21/21 MP: 4/4
   355 | D:1      | Reached XP level 3. HP: 17/26 MP: 5/5
  1045 | D:2      | Reached XP level 4. HP: 12/32 MP: 6/6
  1058 | D:2      | Noticed Natasha
  1063 | D:2      | Killed Natasha
  1063 | D:2      | Reached skill level 1 in Armour
  1387 | D:2      | Noticed Terence
  1405 | D:2      | Killed Terence
  1405 | D:2      | Reached XP level 5. HP: 29/38 MP: 7/7
  2481 | D:3      | Reached XP level 6. HP: 43/44 MP: 8/8
  2552 | D:2      | Noticed Natasha
  2673 | D:2      | Killed Natasha
  3126 | D:3      | Reached skill level 1 in Long Blades
  3359 | D:2      | Noticed Natasha
  3374 | D:2      | Killed Natasha
  3745 | D:3      | Found a white marble altar of Elyvilon.
  3746 | D:3      | Found a shimmering altar of Xom.
  4433 | D:4      | Reached XP level 7. HP: 36/51 MP: 9/9
  4627 | D:4      | Found a shadowy altar of Dithmenos.
  5662 | D:5      | Entered Level 5 of the Dungeon
  5910 | D:5      | HP: 2/51 [orc priest/nerve-wracking pain (13)]
  5911 | D:5      | Noticed a water moccasin
  5912 | D:5      | Killed from afar by an orc priest

Skill      XL: |  1  2  3  4  5  6  7 |
---------------+----------------------+-----
Short Blades   | 2 |  2.6
Armour         | 1 2 3 |  3.4
Fighting       | 2 |  2.5
Long Blades    | 2 3 |  3.4
Dodging        | 3 |  3.0
Stealth        | |  1.7
Evocations     | |  3.7

Action                   |  1- 3 |  4- 6 |  7- 9 || total
-------------------------+-------+-------+-------++-------
Melee: Short sword       |   150 |   135 |       ||   285
       Falchion          |       |   241 |    90 ||   331
Evoke: Wand              |     2 |    21 |     2 ||    25
  Use: Scroll            |       |     1 |       ||     1
       Potion            |       |       |     1 ||     1
 Stab: Sleeping          |     2 |       |       ||     2
       Confused          |       |     3 |       ||     3
  Eat: Chunk             |       |    12 |     5 ||    17
Armor: Leather armour    |    56 |     2 |       ||    58
       Chain mail        |       |   235 |    43 ||   278
Dodge: Dodged            |   101 |   126 |    26 ||   253
       Rpst.: Falchion   |       |    22 |     9 ||    31
